 Dungeon Crawl Stone Soup version 0.31-a0-1405-g2bb1a01664 (webtiles) character file.

Game seed: 10920086829858768558

88 Sobieck the Ruffian (level 4, -3/23 HPs)
             Began as a Vine Stalker Shapeshifter on Dec 25, 2023.
             Was a Believer of Uskayaw.
             Slain by an ice beast (10 damage)
             ... on level 3 of the Dungeon.
             The game lasted 00:05:51 (1938 turns).

Sobieck the Ruffian (Vine Stalker Shapeshifter)     Turns: 1938, Time: 00:05:51

Health: -3/23      AC:  2    Str: 18    XL:     4   Next: 53%
Magic:  0/5        EV: 12    Int: 10    God:    Uskayaw [**....]
Gold:   57         SH:  0    Dex: 14    Spells: 3/3 levels left

rFire   . .          .
                       - Unarmed
rCold   . . .        (no shield)
rNeg    . . .        a - +0 animal skin
rPois   .            (helmet currently unavailable)
rElec   .            (cloak currently unavailable)
rCorr   .            (gloves currently unavailable)
SInv    .            (boots currently unavailable)
Will    .....        (no amulet)
Stlth   ++           (no ring)
HPRegen 1.03/turn    (no ring)
MPRegen 0.09/turn

%: guardian spirit
@: beast-form
A: beast (slay +2), fangs 2, regeneration 1, magic shield, antimagic bite, no
potion heal 2
a: Begin Untransformation, Renounce Religion, Stomp, Line Pass


You were on level 3 of the Dungeon.
You worshipped Uskayaw.
Uskayaw was noncommittal.
You were a hulking beast.
You visited 1 branch of the dungeon, and saw 3 of its levels.

You collected 57 gold pieces.

Inventory:

Armour
 a - a +0 animal skin (worn)
Jewellery
 h - an amulet of reflection
Talismans
 c - a beast talisman (active)
 d - a flux talisman
Wands
 V - a wand of flame (17)
Scrolls
 f - 3 scrolls of teleportation {unknown}
 j - a scroll of identify {unknown}
Potions
 b - 2 potions of lignification
 e - a potion of attraction {unknown}
 g - 3 potions of curing {unknown}
 i - a potion of brilliance {unknown}
 k - a potion of might {unknown}


   Skills:
 + Level 1.9 Fighting
 - Level 2.0 Dodging
 - Level 2.0 Stealth
 + Level 3.6 Unarmed Combat
 + Level 3.5 Shapeshifting


You had 3 spell levels left.
You didn't know any spells.
Your spell library contained the following spells:

 Spells                   Type           Power      Damage    Failure   Level
 Ensorcelled Hibernation  Hex/Ice        0%         N/A       50%         2
 Fugue of the Fallen      Necr           0%         N/A       75%         3
 Anguish                  Hex/Necr       0%         N/A       98%         4


Dungeon Overview and Level Annotations

Branches:
Dungeon (3/15)

Altars:
Uskayaw
Zin

Shops:
D:2 (


Innate Abilities, Weirdness & Mutations

You are a hulking beast.
Your limbs bulge with bestial killing power. (Slay +2)
You have extremely sharp teeth.
Your natural rate of healing is unusually fast.
When hurt, damage is shared between your health and your magic reserves.
Your bite disrupts and absorbs the magic of your enemies.
Potions cannot restore your health.


Message History

You closely miss the kobold. You bite the kobold.
You kill the kobold!
No target in view!
No target in view!
Unknown command.
A dart slug comes into view.
You see here a +0 short sword.
Danger!
You punch the dart slug!
The dart slug is almost dead.
The dart slug launches a dart at you. The slug dart hits you.
You hit the dart slug.
You kill the dart slug!
You can now pass through a line of other dancers.
No target in view!
Unknown command.
You can no longer pass through a line of other dancers.
Found a scroll labelled AFIRIU XOAVECH.
You see here a +0 ring mail.
Danger!
You see here a frilled lizard corpse.
You see here a +0 short sword.
Danger!
Unknown command.
Unknown command.
You hit the ice beast. You punch the ice beast. Your bite misses the ice beast.
The ice beast is moderately wounded.
The ice beast closely misses you.
You punch the ice beast!
The ice beast is heavily wounded.
The ice beast hits you. The ice beast freezes you!
You can now pass through a line of other dancers.
You are too injured to fight recklessly!
You are too injured to fight recklessly!
Unknown command.
Okay, then.
Unknown command.
You barely miss the ice beast. You bite the ice beast. You drain its power.
You feel invigorated.
The ice beast is severely wounded.
The ice beast hits you. The ice beast freezes you.
You hit the ice beast but do no damage.
The ice beast is severely wounded.
The ice beast hits you but does no damage.
Unknown command.
You hit the ice beast.
The ice beast is almost dead.
The ice beast hits you. The ice beast freezes you!
You die...

####.##.....##.#....##.#.# ...
#.....##.........#.#
######....####........#.#
.....................#.#
.########.#####....###.#
#...............#.###.#
......######.######......##.#
.......### #.#...#.<.....##.#
.........# #h#.#.....###.##.#
.........# #Y#.###.#.# #.##..
........####.#.....#.# #.####
...........#.#.......# #.....
#.......#...#.#...# #..### ## #
#.......#.........# #..#.. ...#.
#.....†.#.###.##..###..#.#
.....###.......#.....)..<#....#.#
#?...........†)..>...#....#.[..#


You could see an ice beast.

Vanquished Creatures
  Jessica (D:3)
  An adder (D:2)
  A worm (D:2)
  3 dart slugs
  An orc (D:3)
  A bat (D:3)
  4 endoplasms
  3 giant cockroaches
  4 goblins
  6 hobgoblins
  4 jackals (D:2)
  3 kobolds
  3 ball pythons (D:2)
  4 frilled lizards
39 creatures vanquished.

Notes
Turn   | Place    | Note
-------+----------+-------------------------------------------
     0 | D:1      | Sobieck the Vine Stalker Shapeshifter began the quest for
                  | the Orb.
     0 | D:1      | Reached XP level 1. HP: 9/9 MP: 2/2
   122 | D:1      | Reached skill level 1 in Fighting
   183 | D:1      | Reached XP level 2. HP: 14/14 MP: 1/3
   287 | D:1      | Reached skill level 1 in Stealth
   302 | D:1      | Found a faded altar of an unknown god.
   467 | D:1      | Prayed at the altar of an unknown god.
   467 | D:1      | Became a worshipper of Uskayaw the Reveller
   467 | D:1      | Reached * piety under Uskayaw
  1050 | D:2      | Found Voghat's Weapon Shoppe.
  1276 | D:2      | Reached ** piety under Uskayaw
  1277 | D:2      | Reached XP level 3. HP: 9/18 MP: 1/4
  1532 | D:3      | Noticed Jessica
  1551 | D:3      | Killed Jessica
  1552 | D:3      | Reached XP level 4. HP: 12/23 MP: 1/5
  1796 | D:3      | Found a glowing silver altar of Zin.
  1852 | D:3      | Noticed a black bear
  1885 | D:3      | Noticed an ice beast
  1938 | D:3      | Slain by an ice beast

Illustrated notes

Levels and vault maps discovered:
D:1:      dpeg_arrival_snail, layout_rooms,
          hellmonk_ecumenical_altar_heavens_door, chequers_serial_rivers_room_a
D:2:      layout_basic, serial_shops, shop
D:3:      minmay_recursive_quarters, layout_basic, zin_statuary, uniq_jessica

Skill      XL: |  1  2  3 |
---------------+----------+-----
Fighting       | 1 |  1.9
Stealth        | 1 2 |  2.0
Dodging        | 2 |  2.0
Unarmed Combat | |  3.6
Shapeshifting  | |  3.5

Action                     |  1- 3 |  4- 6 || total
---------------------------+-------+-------++-------
  Melee: Unarmed           |    72 |    27 ||    99
         Bite              |    21 |     5 ||    26
         Punch             |     2 |     4 ||     6
   Stab: Sleeping          |     2 |     3 ||     5
 Armour: Animal skin       |    31 |     6 ||    37
  Dodge: Dodged            |    29 |    16 ||    45
   Form: Beast             |     1 |       ||     1

Table legend: (Time is in decaauts)
 A = Elapsed time spent in this place.
 B = Non-inter-level travel time spent in this place.
 C = Inter-level travel time spent in this place.
 D = Time resting spent in this place.
 E = Time spent auto-exploring this place.
 F = Levels seen in this place.
 G = Mean time per level.
                   A        B        C        D        E       F      G
               +--------+--------+--------+--------+--------+-----+--------+
         Total |   1932 |   1771 |    161 |     55 |   1323 |   3 |  644.0 |
       Dungeon |   1932 |   1771 |    161 |     55 |   1323 |   3 |  644.0 |
               +--------+--------+--------+--------+--------+-----+--------+

Top non-repeatable levels by time:
     D:2: 798 daAuts
     D:1: 735 daAuts
     D:3: 399 daAuts
